[Event "Kragero Resort Chess A 2019"]
[Site "Kragero"]
[Date "2019.02.21"]
[Round "3.21"]
[White "Schouten, Mathias Lind"]
[Black "Khachatryan, Vahagn"]
[Result "1/2-1/2"]
[ECO "B05"]
[WhiteElo "1943"]
[BlackElo "2274"]
[Annotator "NA"]
[PlyCount "94"]
[EventDate "2019.02.20"]
[EventType "swiss"]
[EventCountry "NOR"]
[SourceTitle "playchess.com"]
[Source "ChessBase"]
[SourceQuality "1"]
[TimeControl "5400+30"]

1. e4 Nf6 2. e5 Nd5 3. d4 d6 4. Nf3 Bg4 5. Be2 c6 6. O-O Bxf3 7. Bxf3 dxe5 8. dxe5 e6 9. Qe2 Nd7 10. Rd1 Qc7 11. Bxd5 cxd5 12. f4 Bc5+ 13. Kh1 O-O 14. c3 f6 15. exf6 Nxf6 16. Qxe6+ Kh8 17. Qe2 Rae8 18. Qf3 Ne4 19. Rf1 Qb6 20. b4 Bxb4 21. cxb4 Qf6 22. Nc3 Qxc3 23. Qxc3 Nxc3 24. Bd2 d4 25. Bxc3 dxc3 26. Rac1 Rc8 27. Rf3 c2 28. Rf2 Rfd8 29. Kg1 Rd1+ 30. Rf1 Rxc1 31. Rxc1 Kg8 32. Kf2 Kf7 33. Ke3 Ke6 34. a3 Kf5 35. Kd2 Kxf4 36. Rf1+ Ke4 37. Kc1 Rc7 38. Rf3 g5 39. h3 h6 40. Rf6 Kd3 41. Rxh6 Rf7 42. Kb2 Rf2 43. g3 Rg2 44. g4 Rh2 45. Rh7 Kd2 46. Rd7+ Ke1 47. Kc1 Rxh3 1/2-1/2

[Event "Kragero Resort Chess A 2019"]
[Site "Kragero"]
[Date "2019.02.21"]
[Round "3.22"]
[White "Gudmundsson, Bjorgvin S"]
[Black "Mashinskaya, Iulia"]
[Result "1-0"]
[ECO "D13"]
[WhiteElo "1941"]
[BlackElo "2261"]
[Annotator "NA"]
[PlyCount "82"]
[EventDate "2019.02.20"]
[EventType "swiss"]
[EventCountry "NOR"]
[SourceTitle "playchess.com"]
[Source "ChessBase"]
[SourceQuality "1"]
[TimeControl "5400+30"]

1. c4 c6 2. Nc3 d5 3. cxd5 cxd5 4. d4 Nf6 5. Nf3 Nc6 6. Bf4 e6 7. e3 Nh5 8. Bg5 Qb6 9. Qb3 Qxb3 10. axb3 h6 11. Bh4 g5 12. Bg3 Nxg3 13. hxg3 Bg7 14. Be2 Ke7 15. Nd2 Bd7 16. f4 Nb4 17. Rc1 Rac8 18. Nf3 f6 19. Kf2 a6 20. Na4 Bb5 21. Nb6 Rc6 22. Rxc6 Nxc6 23. Rc1 Kd6 24. Ke1 Bxe2 25. Kxe2 Bf8 26. Rd1 Kc7 27. Na4 b6 28. Nc3 Nb4 29. Rc1 Kb7 30. Na4 Be7 31. Kd2 Nc6 32. Nc3 Na5 33. Kc2 b5 34. Nd2 gxf4 35. exf4 Nc6 36. Nf3 Rg8 37. Ne2 Nb4+ 38. Kd2 Bd6 39. Rh1 Rc8 40. Ne1 Bf8 41. Nd3 Nxd3 1-0

[Event "Kragero Resort Chess A 2019"]
[Site "Kragero"]
[Date "2019.02.21"]
[Round "3.23"]
[White "Aarnes, Eirik"]
[Black "Sgircea, Silvia-Raluca"]
[Result "0-1"]
[ECO "B38"]
[WhiteElo "1843"]
[BlackElo "2251"]
[Annotator "NA"]
[PlyCount "106"]
[EventDate "2019.02.20"]
[EventType "swiss"]
[EventCountry "NOR"]
[SourceTitle "playchess.com"]
[Source "ChessBase"]
[SourceQuality "1"]
[TimeControl "5400+30"]

1. e4 c5 2. Nf3 Nc6 3. d4 cxd4 4. Nxd4 g6 5. c4 Bg7 6. Be3 d6 7. Nc3 Nf6 8. Be2 O-O 9. O-O Bd7 10. Rc1 Nxd4 11. Bxd4 Bc6 12. f3 a5 13. Na4 Bxa4 14. Qxa4 Nxe4 15. Bxg7 Nc5 16. Qb5 Kxg7 17. f4 Qc7 18. Rc3 Ra6 19. Re3 e6 20. b4 axb4 21. Qxb4 Rxa2 22. Qe1 Rfa8 23. f5 exf5 24. Rxf5 R8a3 25. Rff3 Rxe3 26. Rxe3 Qa5 27. Qxa5 Rxa5 28. Re7 Kf6 29. Rc7 Ra1+ 30. Kf2 Ra2 31. Ke1 Rb2 32. h3 h5 33. Kd1 Na6 34. Rc8 Ke7 35. Bf3 b5 36. Ra8 Nc5 37. Rb8 b4 38. Bd5 b3 39. Kc1 Re2 40. Kb1 Kf6 41. Rf8 Re7 42. Kb2 Ra7 43. Kb1 g5 44. Kb2 Kg6 45. Rd8 Ra6 46. Rg8+ Kf6 47. Rf8 Ra7 48. Rd8 Ke5 49. Rg8 f6 50. Re8+ Kd4 51. Rd8 Ra2+ 52. Kb1 Kc3 53. Rxd6 Rd2 0-1

[Event "Kragero Resort Chess A 2019"]
[Site "Kragero"]
[Date "2019.02.21"]
[Round "3.24"]
[White "Eliseev, Sergey"]
[Black "Fossum, Oystein Boyum"]
[Result "0-1"]
[ECO "A05"]
[WhiteElo "1794"]
[BlackElo "2250"]
[Annotator "NA"]
[PlyCount "86"]
[EventDate "2019.02.20"]
[EventType "swiss"]
[EventCountry "NOR"]
[SourceTitle "playchess.com"]
[Source "ChessBase"]
[SourceQuality "1"]
[TimeControl "5400+30"]

1. e4 c5 2. Nf3 Nc6 3. g3 g6 4. d3 Bg7 5. Bg2 Nf6 6. c3 O-O 7. O-O e5 8. Re1 d6 9. a3 a5 10. a4 Ne8 11. Na3 f5 12. Qb3+ Kh8 13. exf5 Rxf5 14. Nc4 Ra6 15. Ne3 Rf8 16. h4 Nf6 17. Ng5 Qe7 18. Nd5 Nxd5 19. Bxd5 Nd8 20. Bc4 Ra8 21. Ne4 Qc7 22. Bg5 Nc6 23. Be6 h6 24. Be3 Qe7 25. Bxc8 Raxc8 26. Qd5 Rcd8 27. Kg2 Qd7 28. Rh1 Ne7 29. Qb3 Nf5 30. Rae1 b6 31. Ng5 d5 32. Nf3 Qc6 33. Bc1 e4 34. dxe4 dxe4 35. Ng5 c4 36. Qc2 hxg5 37. h5 e3+ 38. f3 Nh4+ 39. gxh4 Qxf3+ 40. Kh2 Rd2+ 41. Bxd2 Qf2+ 42. Kh3 Rf3+ 43. Kg4 Rg3# 0-1

[Event "Kragero Resort Chess A 2019"]
[Site "Kragero"]
[Date "2019.02.21"]
[Round "3.25"]
[White "Nordquelle, Daniel"]
[Black "Shehzad, Shazil"]
[Result "1-0"]
[ECO "B09"]
[WhiteElo "2235"]
[BlackElo "1959"]
[Annotator "NA"]
[PlyCount "71"]
[EventDate "2019.02.20"]
[EventType "swiss"]
[EventCountry "NOR"]
[SourceTitle "playchess.com"]
[Source "ChessBase"]
[SourceQuality "1"]
[TimeControl "5400+30"]

1. e4 g6 2. d4 Bg7 3. Nc3 d6 4. f4 Nf6 5. Nf3 O-O 6. Bd3 Nc6 7. e5 dxe5 8. dxe5 Nd5 9. Nxd5 Qxd5 10. Qe2 Bg4 11. Be4 Qe6 12. Be3 f6 13. Qb5 Rad8 14. c4 Kh8 15. Bd5 Qc8 16. exf6 exf6 17. O-O Rfe8 18. Bc5 Be6 19. Rfe1 a6 20. Qb3 Na5 21. Qc3 b6 22. Bd4 Bxd5 23. cxd5 Rf8 24. b4 Nb7 25. Re7 Rd7 26. Rae1 Nd6 27. Qc6 Rxe7 28. Rxe7 Nb5 29. Bf2 Qa8 30. a4 Qxc6 31. dxc6 Nc3 32. Rxc7 Nxa4 33. Rd7 Nc3 34. c7 Nb5 35. Bxb6 Kg8 36. Nd4 1-0

[Event "Kragero Resort Chess A 2019"]
[Site "Kragero"]
[Date "2019.02.21"]
[Round "3.26"]
[White "Sidali, Elias Hulleberg"]
[Black "Birkisson, Bardur Orn"]
[Result "0-1"]
[ECO "C47"]
[WhiteElo "1840"]
[BlackElo "2233"]
[Annotator "NA"]
[PlyCount "116"]
[EventDate "2019.02.20"]
[EventType "swiss"]
[EventCountry "NOR"]
[SourceTitle "playchess.com"]
[Source "ChessBase"]
[SourceQuality "1"]
[TimeControl "5400+30"]

1. e4 e5 2. Nf3 Nc6 3. Nc3 Nf6 4. Be2 g6 5. d4 exd4 6. Nxd4 d6 7. Bg5 h6 8. Be3 Bg7 9. Qd2 Ng4 10. Nxc6 bxc6 11. Bxg4 Bxg4 12. h3 Be6 13. Bd4 O-O 14. Bxg7 Kxg7 15. Rd1 Rb8 16. b3 Kh7 17. O-O f5 18. exf5 Bxf5 19. Ne2 Qf6 20. Qd4 Qxd4 21. Nxd4 Bd7 22. c4 c5 23. Nc2 a5 24. Rfe1 Rf7 25. Re3 Bc6 26. Rde1 Kg7 27. a4 g5 28. Na3 Kf8 29. Rd1 Re8 30. Rxe8+ Kxe8 31. Nc2 h5 32. Ne3 Kd7 33. Rd2 Rf4 34. Kf1 Rf8 35. Kg1 Rb8 36. Rd3 Be4 37. Rc3 Bb1 38. Nf1 Re8 39. Ne3 c6 40. Kh2 Ke6 41. Rc1 Ba2 42. Ra1 Bxb3 43. Rb1 Rb8 44. Nc2 d5 45. cxd5+ cxd5 46. Na1 c4 47. Nc2 Ke5 48. Re1+ Kd6 49. Nd4 Bxa4 50. Nf5+ Kc5 51. Re5 c3 52. Ne3 c2 53. Rxd5+ Kc6 54. Rxa5 c1=Q 55. Rxa4 Kb5 56. Rd4 Qc7+ 57. g3 Rd8 58. Nd5 Qa5 0-1

[Event "Kragero Resort Chess A 2019"]
[Site "Kragero"]
[Date "2019.02.21"]
[Round "3.27"]
[White "Kazarian, Anna-Maja"]
[Black "Tunsjo, Axel"]
[Result "1/2-1/2"]
[ECO "B47"]
[WhiteElo "2189"]
[BlackElo "1937"]
[Annotator "NA"]
[PlyCount "91"]
[EventDate "2019.02.20"]
[EventType "swiss"]
[EventCountry "NOR"]
[SourceTitle "playchess.com"]
[Source "ChessBase"]
[SourceQuality "1"]
[TimeControl "5400+30"]

1. e4 c5 2. Nf3 e6 3. d4 cxd4 4. Nxd4 Nc6 5. Nc3 Qc7 6. g3 a6 7. Bg2 Nf6 8. O-O Be7 9. Re1 Nxd4 10. Qxd4 d6 11. a4 b6 12. a5 b5 13. e5 dxe5 14. Qb6 Qxb6 15. axb6 Rb8 16. Be3 O-O 17. Red1 Ng4 18. b7 Bxb7 19. Ba7 Ra8 20. Rd7 Bxg2 21. Kxg2 Bb4 22. Ne4 f5 23. Ng5 Nf6 24. Rb7 h6 25. Nxe6 Rf7 26. Rxf7 Kxf7 27. Rxa6 Ne8 28. f4 exf4 29. gxf4 Bd6 30. Nd4 Bxf4 31. Nxb5 Nc7 32. Ra5 Bxh2 33. Kxh2 Nxb5 34. Rxb5 Rxa7 35. Rxf5+ Ke6 36. Rc5 Rb7 37. b3 Rb6 38. Kg3 Rb4 39. Rc7 Kf6 40. Rc6+ Kf5 41. Rc5+ Kg6 42. Ra5 Kf6 43. Ra6+ Kf5 44. Ra5+ Kf6 45. Ra6+ Kf5 46. Ra5+ {[%emt 0:00:16] Ke5 [%emt 00:00:15]} 1/2-1/2

[Event "Kragero Resort Chess A 2019"]
[Site "Kragero"]
[Date "2019.02.21"]
[Round "3.28"]
[White "Sebastian, Andreas"]
[Black "Skjolingstad, Sverre"]
[Result "1-0"]
[ECO "D02"]
[WhiteElo "1962"]
[BlackElo "1782"]
[Annotator "NA"]
[PlyCount "57"]
[EventDate "2019.02.20"]
[EventType "swiss"]
[EventCountry "NOR"]
[SourceTitle "playchess.com"]
[Source "ChessBase"]
[SourceQuality "1"]
[TimeControl "5400+30"]

1. d4 Nf6 2. Bf4 c5 3. e3 b6 4. c3 Bb7 5. Nd2 e6 6. Ngf3 Be7 7. Bd3 O-O 8. h3 d5 9. O-O Nbd7 10. Qe2 Ne4 11. Ne5 Nxe5 12. dxe5 Nxd2 13. Qxd2 Bg5 14. Bxg5 Qxg5 15. f4 Qe7 16. Qc2 h6 17. Qf2 f6 18. Qh4 Qe8 19. Kh2 fxe5 20. fxe5 Qd7 21. Qh5 Rxf1 22. Rxf1 Rf8 23. Bh7+ Kxh7 24. Rxf8 d4 25. exd4 cxd4 26. Qf7 Qd5 27. Qg8+ Kg6 28. Rf6+ Kh5 29. Qf7+ 1-0

[Event "Kragero Resort Chess A 2019"]
[Site "Kragero"]
[Date "2019.02.21"]
[Round "3.29"]
[White "Mkrtchyan, Anahit D."]
[Black "Lund, Terje"]
[Result "1-0"]
[ECO "B03"]
[WhiteElo "1841"]
[BlackElo "2099"]
[Annotator "NA"]
[PlyCount "163"]
[EventDate "2019.02.20"]
[EventType "swiss"]
[EventCountry "NOR"]
[SourceTitle "playchess.com"]
[Source "ChessBase"]
[SourceQuality "1"]
[TimeControl "5400+30"]

1. e4 Nf6 2. e5 Nd5 3. d4 d6 4. c4 Nb6 5. exd6 exd6 6. Nc3 Be7 7. Bd3 O-O 8. Nge2 Nc6 9. O-O Bf6 10. Be3 Nb4 11. b3 Nxd3 12. Qxd3 Re8 13. Rad1 g6 14. Ng3 c6 15. d5 c5 16. Nce4 Be5 17. f4 Bg7 18. f5 Nd7 19. Bf4 Bd4+ 20. Kh1 Ne5 21. Bxe5 Rxe5 22. f6 Qf8 23. Rde1 Bg4 24. Rf4 Bh5 25. Rh4 Qh6 26. Nxh5 Rxh5 27. Rxh5 Qxh5 28. Qe2 Qxe2 29. Rxe2 Re8 30. g4 h6 31. Kg2 g5 32. Kf3 Rd8 33. h4 gxh4 34. Rh2 Kh7 35. Rxh4 Kg6 36. Rh5 b6 37. Kf4 Rd7 38. Rf5 Rd8 39. Rh5 Rd7 40. Kg3 Rd8 41. Kh4 Rh8 42. Nxd6 Bxf6+ 43. Kg3 Bg5 44. Ne4 Re8 45. Kf3 f5 46. Nxg5 hxg5 47. Rh2 f4 48. Rd2 Kf6 49. Rd3 Ke5 50. d6 Rd8 51. Rd5+ Kf6 52. Rf5+ Kg6 53. Rd5 Kf6 54. d7 Kg6 55. Ke4 Kf6 56. Rf5+ Kg6 57. Rd5 Kf6 58. a3 a6 59. b4 cxb4 60. axb4 Ke7 61. Rxg5 a5 62. bxa5 bxa5 63. Rxa5 Rxd7 64. Rd5 Rc7 65. c5 Ke6 66. Re5+ Kf6 67. Kxf4 Ra7 68. g5+ Kf7 69. Kf5 Ra1 70. g6+ Kf8 71. Kf6 Rf1+ 72. Rf5 Rc1 73. Ke6+ Kg7 74. Rg5 Rc2 75. Kd6 Rd2+ 76. Kc7 Rc2 77. c6 Rb2 78. Kc8 Rc2 79. c7 Rc1 80. Kb7 Rb1+ 81. Kc6 Rc1+ 82. Rc5 1-0

[Event "Kragero Resort Chess A 2019"]
[Site "Kragero"]
[Date "2019.02.21"]
[Round "3.30"]
[White "Khachatryan, Marieta"]
[Black "Jonsson, Gauti Pall"]
[Result "0-1"]
[ECO "B27"]
[WhiteElo "1779"]
[BlackElo "2070"]
[Annotator "NA"]
[PlyCount "100"]
[EventDate "2019.02.20"]
[EventType "swiss"]
[EventCountry "NOR"]
[SourceTitle "playchess.com"]
[Source "ChessBase"]
[SourceQuality "1"]
[TimeControl "5400+30"]

1. e4 c5 2. Nf3 g6 3. d4 cxd4 4. Qxd4 Nf6 5. Qa4 Nc6 6. Nc3 d6 7. e5 dxe5 8. Nxe5 Bd7 9. Nxd7 Nxd7 10. Bb5 Bg7 11. Bxc6 bxc6 12. Qxc6 Rc8 13. Qa4 Rxc3 14. bxc3 Bxc3+ 15. Bd2 Bxa1 16. c3 O-O 17. O-O Nb6 18. Qc2 Bb2 19. Bh6 Ba3 20. c4 Bc5 21. Rd1 Qc7 22. Qc3 e5 23. Bxf8 Kxf8 24. h3 Kg7 25. Rc1 Nd7 26. Rb1 Bd4 27. Qc2 Nc5 28. Rd1 Qc6 29. Qe2 Ne4 30. Rf1 Ng3 31. Qd3 Nxf1 32. Kxf1 Qb6 33. Qc2 Qb2 34. Qxb2 Bxb2 35. c5 Bd4 36. c6 Bb6 37. Ke2 Kf6 38. g3 Ke6 39. f4 exf4 40. gxf4 Kd6 41. Kf3 Kxc6 42. Kg4 Bd8 43. f5 h5+ 44. Kf4 g5+ 45. Ke4 f6 46. Kd4 Bc7 47. Ke4 g4 48. hxg4 hxg4 49. Ke3 Kd5 50. Kf2 Ke5 0-1

[Event "Kragero Resort Chess A 2019"]
[Site "Kragero"]
[Date "2019.02.21"]
[Round "3.31"]
[White "Boe, Oeyvind"]
[Black "Stray, Gunnar"]
[Result "0-1"]
[ECO "D70"]
[WhiteElo "1908"]
[BlackElo "1994"]
[Annotator "NA"]
[PlyCount "104"]
[EventDate "2019.02.20"]
[EventType "swiss"]
[EventCountry "NOR"]
[SourceTitle "playchess.com"]
[Source "ChessBase"]
[SourceQuality "1"]
[TimeControl "5400+30"]

1. d4 d5 2. c4 c6 3. Nf3 Nf6 4. e3 g6 5. Be2 Bg7 6. O-O O-O 7. b4 Nbd7 8. Bb2 dxc4 9. Bxc4 Nb6 10. Bb3 Nbd5 11. a3 a5 12. Re1 Ne4 13. Nfd2 Nxd2 14. Qxd2 axb4 15. e4 Nc3 16. Nxc3 bxc3 17. Bxc3 Qb6 18. Reb1 Qa6 19. Bb4 Re8 20. Qf4 e6 21. e5 Qd3 22. Rb2 Qf5 23. Qe3 Qh5 24. Qg3 Bf8 25. Bd1 Qh6 26. Bd2 Qg7 27. Qc3 Be7 28. Bf3 Rd8 29. a4 Qf8 30. Be3 f5 31. g3 g5 32. Rc2 Qg7 33. Kh1 g4 34. Bg2 h5 35. f4 Kf7 36. Kg1 h4 37. a5 Qf8 38. Rb2 h3 39. Bh1 Ra6 40. Rab1 Rd7 41. Rb6 Rxb6 42. Rxb6 Bd8 43. Rb1 Bc7 44. Kf2 Qd8 45. Ra1 Bb8 46. Qc5 Qe7 47. Qc4 Ba7 48. Ke2 Qd8 49. Ra4 b5 50. axb6 Qxb6 51. Bxc6 Rc7 52. Qxe6+ Bxe6 0-1

[Event "Kragero Resort Chess A 2019"]
[Site "Kragero"]
[Date "2019.02.22"]
[Round "4.3"]
[White "Urkedal, Frode Olav Olsen"]
[Black "Beerdsen, Thomas"]
[Result "0-1"]
[ECO "A80"]
[WhiteElo "2522"]
[BlackElo "2454"]
[Annotator "RC"]
[PlyCount "96"]
[EventDate "2019.02.20"]
[EventType "swiss"]
[EventCountry "NOR"]
[SourceTitle "playchess.com"]
[Source "ChessBase"]
[SourceQuality "1"]
[TimeControl "5400+30"]

1. d4 f5 2. Bg5 h6 3. Bh4 g5 4. e3 Nf6 5. Bg3 d6 6. Nc3 e6 7. h4 Rg8 8. hxg5 hxg5 9. Qd2 Qe7 10. O-O-O a6 11. a3 b5 12. d5 e5 13. Bd3 Qf7 14. Qe1 c5 15. dxc6 Be6 16. c7 Nc6 17. f3 b4 18. axb4 Qxc7 19. e4 Nxb4 20. exf5 Nxd3+ 21. Rxd3 Bxf5 22. Ne4 Bxe4 23. fxe4 Qc4 24. Nf3 Qxe4 25. Qa5 Rc8 26. Kb1 Be7 27. Re1 Qb7 28. Nxe5 dxe5 29. Bxe5 Kf8 30. Rf3 Rg6 31. Ref1 Rc6 32. Qd5 Qb5 33. Qd4 Kf7 34. Rf5 Qc4 35. Qf2 a5 36. b3 Qa6 37. Qf3 a4 38. Qd5+ Ke8 39. Bxf6 axb3 40. cxb3 Rcxf6 41. Rxf6 Rxf6 42. Qg8+ Kd7 43. Qd5+ Rd6 44. Qf5+ Kd8 45. Rf3 Rd1+ 46. Kc2 Qe2+ 47. Kc3 Qd2+ 48. Kc4 Qb4# {[%emt 0:00:03] Kd4 [%emt 00:00:08]} 0-1

[Event "Kragero Resort Chess A 2019"]
[Site "Kragero"]
[Date "2019.02.22"]
[Round "4.4"]
[White "Lie, Kjetil A."]
[Black "Kaasen, Tor Fredrik"]
[Result "1-0"]
[ECO "A01"]
[WhiteElo "2538"]
[BlackElo "2387"]
[Annotator "ChessBase"]
[PlyCount "77"]
[EventDate "2019.02.20"]
[EventType "swiss"]
[EventCountry "NOR"]
[SourceTitle "playchess.com"]
[Source "ChessBase"]
[SourceQuality "1"]
[TimeControl "5400+30"]

1. b3 e5 2. Bb2 Nc6 3. e3 Nf6 4. Nf3 e4 5. Nd4 Nxd4 6. Bxd4 d5 7. c4 dxc4 8. Bxc4 Be7 9. Nc3 O-O 10. Rc1 Re8 11. O-O c5 12. Bxf6 Bxf6 13. f3 Bf5 14. fxe4 Bxe4 15. Nxe4 Rxe4 16. Qf3 Re7 17. Bd5 Qa5 18. Bxb7 Rd8 19. Be4 Re5 20. d3 Qxa2 21. Ra1 Qxb3 22. Rxa7 h5 23. Ra6 Rde8 24. Rd6 Kf8 25. Bc6 Rc8 26. Bd7 Rd8 27. Ba4 Qb8 28. Rxf6 gxf6 29. Qxf6 Qc7 30. Qh8+ Ke7 31. Rxf7+ Kxf7 32. Qh7+ Kf6 33. Qxc7 Rxd3 34. e4 Rd4 35. Bc6 Re7 36. Qf4+ Ke6 37. Qf5+ Kd6 38. Qf6+ Re6 39. e5+ 1-0

[Event "Kragero Resort Chess A 2019"]
[Site "Kragero"]
[Date "2019.02.22"]
[Round "4.5"]
[White "Notkevich, Benjamin Arvola"]
[Black "Stefansson, Vignir Vatnar"]
[Result "1-0"]
[ECO "C02"]
[WhiteElo "2498"]
[BlackElo "2263"]
[Annotator "ChessBase"]
[PlyCount "103"]
[EventDate "2019.02.20"]
[EventType "swiss"]
[EventCountry "NOR"]
[SourceTitle "playchess.com"]
[Source "ChessBase"]
[SourceQuality "1"]
[TimeControl "5400+30"]

1. e4 e6 2. d4 d5 3. e5 c5 4. c3 Bd7 5. Nf3 Qb6 6. Bd3 cxd4 7. cxd4 Bb5 8. O-O Bxd3 9. Qxd3 Nc6 10. a3 a5 11. Nc3 a4 12. Be3 Nge7 13. Rfc1 h5 14. Rab1 Nf5 15. Nxd5 Qd8 16. Nc3 Ra5 17. Rd1 Be7 18. Qe4 O-O 19. Rd2 Qc8 20. Rbd1 Rd8 21. h3 h4 22. Qg4 b5 23. d5 Nxe3 24. fxe3 exd5 25. Nxd5 Qxg4 26. Nxe7+ Kf8 27. Rxd8+ Nxd8 28. hxg4 Kxe7 29. Nxh4 g6 30. Rd5 Nc6 31. Rc5 Nb8 32. Rc7+ Nd7 33. Nf3 Ra6 34. Ng5 Kd8 35. Rb7 Nxe5 36. Rxb5 f6 37. Ne4 Nxg4 38. Nc5 Rc6 39. e4 Ke7 40. g3 Kd6 41. Nxa4 Rc2 42. Rd5+ Ke7 43. Rc5 Re2 44. b4 Ne3 45. b5 Rg2+ 46. Kh1 Rxg3 47. b6 Rh3+ 48. Kg1 Rh8 49. Rc6 f5 50. Nc5 Nc4 51. b7 Na5 52. Rc7+ 1-0

[Event "Kragero Resort Chess A 2019"]
[Site "Kragero"]
[Date "2019.02.22"]
[Round "4.7"]
[White "Fossum, Oystein Boyum"]
[Black "Hasangatin, Ramil"]
[Result "0-1"]
[ECO "A11"]
[WhiteElo "2250"]
[BlackElo "2485"]
[Annotator "ChessBase"]
[PlyCount "48"]
[EventDate "2019.02.20"]
[EventType "swiss"]
[EventCountry "NOR"]
[SourceTitle "playchess.com"]
[Source "ChessBase"]
[SourceQuality "1"]
[TimeControl "5400+30"]

1. Nf3 Nf6 2. c4 c6 3. g3 d5 4. Bg2 dxc4 5. a4 Qd5 6. Na3 e5 7. O-O e4 8. Ne1 Na6 9. Nec2 Bc5 10. d4 cxd3 11. exd3 Qxd3 12. Qe1 Bg4 13. b4 Be7 14. b5 cxb5 15. axb5 Nc5 16. Nb4 Qd7 17. Bb2 O-O 18. f3 exf3 19. Bxf3 Bxf3 20. Rxf3 Nce4 21. Nd3 Ng5 22. Re3 Nd5 23. Rd1 Nxe3 24. Qxe3 Qe6 0-1

[Event "Kragero Resort Chess A 2019"]
[Site "Kragero"]
[Date "2019.02.22"]
[Round "4.8"]
[White "Hauge, Lars Oskar"]
[Black "Nordquelle, Daniel"]
[Result "0-1"]
[ECO "B90"]
[WhiteElo "2476"]
[BlackElo "2235"]
[Annotator "RC"]
[PlyCount "110"]
[EventDate "2019.02.20"]
[EventType "swiss"]
[EventCountry "NOR"]
[SourceTitle "playchess.com"]
[Source "ChessBase"]
[SourceQuality "1"]
[TimeControl "5400+30"]

1. e4 c5 2. Nf3 d6 3. d4 cxd4 4. Nxd4 Nf6 5. Nc3 a6 6. h3 e5 7. Nb3 Be6 8. f4 g6 9. Qf3 Nc6 10. f5 gxf5 11. exf5 Bxb3 12. axb3 Nd4 13. Qf2 d5 14. Be3 Bb4 15. Bxd4 Ne4 16. Bb6 Nxf2 17. Bxd8 Nxh1 18. Bf6 O-O 19. O-O-O Bxc3 20. bxc3 Ng3 21. Bxe5 Nxf1 22. Rxf1 f6 23. Bd6 Rfe8 24. Kd2 Re4 25. Kd3 Kf7 26. Ra1 Rd8 27. Bc7 Rd7 28. Bb8 h5 29. g3 h4 30. Rg1 Rd8 31. Bc7 Rc8 32. Bd6 hxg3 33. Rxg3 Rh4 34. Kd2 d4 35. c4 Rch8 36. Rd3 R8h5 37. Bc5 Rxh3 38. Rxd4 Rxf5 39. Rd7+ Kg6 40. Bb6 Rh7 41. Rd6 Re7 42. Bd8 Rf2+ 43. Kc3 Ree2 44. Rb6 Rxc2+ 45. Kb4 Rcd2 46. Bc7 Rd7 47. Rxb7 Re2 48. Kc5 Ree7 49. Kb6 Re6+ 50. Ka7 Kf5 51. c5 Ke4 52. Bb6 Rxb7+ 53. Kxb7 Kd5 54. b4 Kc4 55. c6 Kb5 0-1

[Event "Kragero Resort Chess A 2019"]
[Site "Kragero"]
[Date "2019.02.22"]
[Round "4.9"]
[White "Kjartansson, Gudmundur"]
[Black "Wedda, Dries"]
[Result "1-0"]
[ECO "A37"]
[WhiteElo "2403"]
[BlackElo "2173"]
[Annotator "NA"]
[PlyCount "51"]
[EventDate "2019.02.20"]
[EventType "swiss"]
[EventCountry "NOR"]
[SourceTitle "playchess.com"]
[Source "ChessBase"]
[SourceQuality "1"]
[TimeControl "5400+30"]

1. Nf3 c5 2. c4 Nc6 3. Nc3 e5 4. g3 g6 5. Bg2 Bg7 6. O-O Nge7 7. a3 O-O 8. Rb1 d6 9. b4 f5 10. Ne1 Rb8 11. Nd5 b6 12. d3 h6 $11 13. b5 Nd4 14. e3 Ne6 15. f4 Nxd5 16. cxd5 Nc7 17. e4 Bd7 18. fxe5 dxe5 19. a4 Ra8 20. d6 Ne8 21. exf5 Bxf5 22. Bd5+ Kh7 23. g4 Bd7 24. Rxf8 Bxf8 25. Qf3 Rb8 26. Qf7+ 1-0

[Event "Kragero Resort Chess A 2019"]
[Site "Kragero"]
[Date "2019.02.22"]
[Round "4.10"]
[White "Birkisson, Bardur Orn"]
[Black "Osmak, Iulija"]
[Result "1/2-1/2"]
[ECO "A43"]
[WhiteElo "2233"]
[BlackElo "2394"]
[Annotator "NA"]
[PlyCount "100"]
[EventDate "2019.02.20"]
[EventType "swiss"]
[EventCountry "NOR"]
[SourceTitle "playchess.com"]
[Source "ChessBase"]
[SourceQuality "1"]
[TimeControl "5400+30"]

1. d4 e6 2. Nf3 c5 3. c3 Nc6 4. Bf4 Qb6 5. Qb3 Qxb3 6. axb3 cxd4 7. Nxd4 Nxd4 8. cxd4 d5 9. e3 Bb4+ 10. Nc3 Bd7 11. Bd3 Nf6 12. f3 Ke7 13. Ke2 Rhc8 14. Rhc1 h6 15. h4 Bc6 16. Na2 Bd6 17. Bxd6+ Kxd6 18. b4 a6 19. Nc3 Ne8 20. g4 Ke7 21. e4 dxe4 22. fxe4 Rd8 23. Ke3 Nf6 24. Be2 g5 25. hxg5 hxg5 26. Bf3 Rac8 27. e5 Nd5+ 28. Bxd5 Bxd5 29. Ne4 Bxe4 30. Kxe4 Rh8 31. b5 Rxc1 32. Rxc1 Kd7 33. bxa6 bxa6 34. Rf1 Ke7 35. Ra1 Rb8 36. Rxa6 Rxb2 37. Ra7+ Kf8 38. Ra8+ Kg7 39. Kf3 Rb3+ 40. Kf2 Rd3 41. Rd8 Rd1 42. Rd7 Kf8 43. Rd8+ Ke7 44. Rg8 Rxd4 45. Rxg5 Rd3 46. Ke2 Ra3 47. Kf2 Kf8 48. Ke2 Ra5 49. Kf3 Ra3+ 50. Kf4 Ra4+ {[%emt 0:00:15] Ke4 [%emt 00:00:27]} 1/2-1/2

[Event "Kragero Resort Chess A 2019"]
[Site "Kragero"]
[Date "2019.02.22"]
[Round "4.12"]
[White "Miedema, David"]
[Black "Abdrlauf, Elham"]
[Result "1-0"]
[ECO "B12"]
[WhiteElo "2356"]
[BlackElo "2105"]
[Annotator "NA"]
[PlyCount "87"]
[EventDate "2019.02.20"]
[EventType "swiss"]
[EventCountry "NOR"]
[SourceTitle "playchess.com"]
[Source "ChessBase"]
[SourceQuality "1"]
[TimeControl "5400+30"]

1. e4 c6 2. d4 d5 3. e5 c5 4. dxc5 e6 5. a3 (5. Nf3 Bxc5 6. a3 Ne7 7. Bd3 Ng6 8. O-O O-O 9. Nbd2 Nc6 10. b4 Bb6 11. Bxg6 fxg6 12. Nb3 Bd7 13. Re1 {1-0 (29) Anand,V (2773)-Mamedyarov,S (2817) Wijk aan Zee 2019}) 5... Bxc5 6. b4 {[%emt 0:00:00] B12: Caro-Kann: Advance Variation} Be7 7. Qg4 Bf8 $146 ({Predecessor:} 7... g6 8. Bd3 a5 9. b5 Nd7 10. Nf3 h5 11. Qf4 Nh6 12. O-O Nc5 {½-½ (20) Colin,S (2437)-Ruefenacht,M (2510) ICCF email 2016}) 8. Bd3 Nd7 9. Nf3 Ne7 10. O-O a5 11. bxa5 Nc5 12. Nbd2 Rxa5 13. Nb3 Nxd3 14. cxd3 Ra8 15. Be3 Nf5 16. Bg5 Qd7 17. a4 h6 18. Bd2 Be7 19. a5 O-O $11 20. Bb4 Qb5 21. Bxe7 Nxe7 22. Nfd4 Qxd3 23. Rac1 Qa6 24. Rc7 Ng6 25. Qg3 b6 26. Rfc1 Re8 27. R1c6 Rb8 28. Rd6 Ne7 29. h4 Rb7 30. Nc5 bxc5 31. Rxa6 Rxc7 32. Nb5 Rd7 33. Ra8 d4 34. Nd6 Red8 35. Qf3 Kh7 36. a6 Rc7 37. a7 Nd5 38. Rxc8 Rcxc8 39. Nxc8 Rxc8 40. Qd3+ g6 41. Qa6 d3 42. Qxc8 d2 43. a8=Q d1=Q+ 44. Kh2 1-0

[Event "Kragero Resort Chess A 2019"]
[Site "Kragero"]
[Date "2019.02.22"]
[Round "4.13"]
[White "Fossan, Aleksander"]
[Black "Tryggestad, Andreas Garberg"]
[Result "1/2-1/2"]
[ECO "B22"]
[WhiteElo "2040"]
[BlackElo "2351"]
[Annotator "NA"]
[PlyCount "50"]
[EventDate "2019.02.20"]
[EventType "swiss"]
[EventCountry "NOR"]
[SourceTitle "playchess.com"]
[Source "ChessBase"]
[SourceQuality "1"]
[TimeControl "5400+30"]

1. e4 c5 2. c3 Nf6 3. e5 Nd5 4. d4 cxd4 5. Nf3 Nc6 6. Bc4 Nb6 7. Bb3 g6 8. Ng5 $14 e6 9. Ne4 Nxe5 10. Bg5 Be7 11. Nd6+ Kf8 12. Bh6+ Kg8 13. Qxd4 Bf6 14. Qd1 Bg5 15. Bxg5 Qxg5 16. O-O Qg4 17. c4 Qxd1 18. Rxd1 Rb8 19. Nc3 Kg7 20. f4 Nc6 21. Nce4 Na8 22. Ng5 h6 23. Ngxf7 Rf8 24. Ne5 Rxf4 25. Nxc6 dxc6 1/2-1/2